[Event "Svetozar Gligoric Masters 2022"]
[Site "Belgrade"]
[Date "2022.07.21"]
[Round "6.7"]
[White "Nitish Belurkar"]
[Black "Rohith Krishna S"]
[Result "0-1"]
[ECO "C97"]
[WhiteElo "2460"]
[BlackElo "2326"]
[Annotator "TA"]
[PlyCount "68"]
[EventDate "2022.07.18"]
[EventCountry "SRB"]
[SourceTitle "playchess.com"]
[Source "ChessBase"]
[SourceQuality "1"]
[TimeControl "40/5400+30:900+30"]

1. e4 e5 2. Nf3 Nc6 3. Bb5 a6 4. Ba4 Nf6 5. O-O Be7 6. Re1 b5 7. Bb3 d6 8. c3 O-O 9. h3 Na5 10. Bc2 c5 11. d4 Qc7 12. Nbd2 Rd8 13. d5 c4 14. Nf1 Nb7 15. Ng3 a5 {C97: Closed Ruy Lopez: Chigorin Defence: 11 d4 Qc7, sidelines.} 16. Bg5 Nc5 17. Qd2 Rb8 {[#] The position is equal.} 18. Nh4 $146 ({White should try} 18. b4 $11 axb4 19. cxb4) ({Predecessor:} 18. Nf5 Bxf5 19. exf5 h6 20. Be3 Nfe4 21. Qe2 Ng5 22. Nxg5 Bxg5 {½-½ (22) Cremer,J (2003)-Galkin,W (1924) Potsdam 2010}) 18... h6 $15 19. Bxh6 gxh6 20. Qxh6 {Threatens to win with Ngf5.} Nh7 $1 ({Don't do} 20... Ne8 21. Ngf5 Bxf5 22. Nxf5 $14) 21. Ngf5 (21. Nh5 $2 Bf8 22. Qe3 Qe7 $19) (21. Nhf5 $1 $11 Bf8 22. Qh5) 21... Bf6 ({Black should play} 21... Bf8 $1 $15 22. Qh5 b4) 22. g4 $2 {[#] This move loses the game for White.} (22. Re3 $11 Kh8 23. Rg3 Bxf5 24. Nxf5) 22... Kh8 $1 $19 23. f4 (23. Qh5 {was called for.}) 23... Rg8 {Hoping for ...Nd3.} 24. g5 exf4 25. g6 fxg6 26. Nxg6+ Rxg6+ 27. Qxg6 Bxf5 {The board is on fire.} 28. Qxf5 (28. exf5 $142 Rg8 29. Re8) 28... Be5 {...Rg8+ is the strong threat.} 29. Kh1 Rf8 30. Qh5 Qf7 31. Qf3 (31. Qxf7 Rxf7 32. Rg1) 31... Ng5 32. Qg4 {[#]} Qh7 $1 33. Re2 (33. h4 Ngxe4) 33... f3 34. Rf1 Nxh3 {Weighted Error Value: White=1.14/Black=0.07 (flawless)} 0-1

[Event "Svetozar Gligoric Masters 2022"]
[Site "Belgrade"]
[Date "2022.07.21"]
[Round "6.8"]
[White "Ozer, Omer Faruk"]
[Black "Gagunashvili, Merab"]
[Result "0-1"]
[ECO "B08"]
[WhiteElo "2317"]
[BlackElo "2569"]
[Annotator "TA"]
[PlyCount "100"]
[EventDate "2022.07.18"]
[EventCountry "SRB"]
[SourceTitle "playchess.com"]
[Source "ChessBase"]
[SourceQuality "1"]
[TimeControl "40/5400+30:900+30"]

1. e4 d6 2. d4 Nf6 3. Nc3 g6 4. Nf3 Bg7 5. h3 O-O 6. Be3 c6 7. Bd3 Qc7 8. O-O {B08: Pirc Defence: Classical System.} Nbd7 9. Qd2 e5 10. Rad1 {The position is equal.} Re8 11. Bh6 b5 {[#]} 12. dxe5 $146 ({Predecessor:} 12. Bxg7 Kxg7 13. Rfe1 Bb7 14. a3 a6 15. Bf1 Rad8 16. b4 exd4 17. Nxd4 h6 18. Nb3 {1-0 (34) O'Brien,J-Gerzadowicz,S USA 1988}) 12... dxe5 13. a4 a6 14. Ra1 Bb7 15. b3 Nc5 16. Bxg7 Kxg7 17. b4 (17. axb5 cxb5 18. Rfc1 Bxe4 19. Nxe4 Ncxe4 20. Bxe4 Nxe4 $17) 17... Ne6 18. Ng5 Nxg5 19. Qxg5 c5 20. axb5 cxb4 21. Ne2 ({Avoid the trap} 21. Nd5 $2 Bxd5 22. exd5 e4 $19) (21. Rxa6 $1 $11 Rxa6 22. bxa6 bxc3 23. axb7) 21... h6 ({Don't take} 21... Nxe4 22. Bxe4 Bxe4 23. Ng3 Bxc2 24. Nh5+ Kf8 25. Nf6 $14) (21... Bxe4 $17 {Strongly threatening ...a5.} 22. Bxe4 Nxe4) 22. Qe3 $15 a5 23. f4 (23. Ra2 $11) 23... Nd7 $17 24. Kh1 exf4 (24... Qc5 $17 25. Qg3 Nf6) 25. Rxf4 $15 Qc5 (25... Rad8 $15) 26. Nd4 $11 Qe7 (26... Re7 $11 {keeps the balance.}) 27. Raf1 $16 Ne5 {[#]} 28. Nf3 (28. Rf5 $3 $16 {[%cal Of5h5][%mdl 512] aiming for Rh5!} Qd7 (28... Qh4 29. Nf3) 29. R5f4) 28... Nxf3 (28... Nxd3 $11 29. cxd3 Rf8) 29. Qxf3 Rf8 (29... f5 $2 30. Qf2 Qf6 31. exf5 $18) 30. Rf6 {And now Bc4 would win.} Rad8 $2 (30... a4 $16) 31. Bc4 $1 $18 Qxe4 32. Rxf7+ Rxf7 33. Qxf7+ Kh8 34. Qf6+ Kh7 {[%csl Gb7][%cal Re4g2] [#]} 35. Qf7+ (35. Rf2 $142 $1 Rd7 36. Bd3) 35... Kh8 {[%csl Gb7][%cal Re4g2] [#]} 36. Qf6+ ({White has to play} 36. Rg1 $1 $18 {Threatens to win with Qf6+.} Qh4 37. Qxb7 Qxc4 38. Qe7) 36... Kh7 $16 {[%csl Gb7][%cal Re4g2] [#] The board is on fire.} 37. Rf2 Rd7 ({Weaker is} 37... Rd1+ 38. Kh2 Rd7 39. Bd3) 38. Bd3 Qe8 {[#]} 39. h4 ({White should play} 39. b6 $1 $16) 39... h5 $1 $11 40. Qg5 $2 {[%mdl 8192] [#]} (40. b6 $11) 40... Rxd3 $1 $19 41. cxd3 {[%mdl 4096] Endgame KQR-KQB} (41. Kg1 Rd7) 41... Qe1+ 42. Kh2 Qxf2 43. Qe7+ Kh6 44. Qxb7 Qxh4+ {KQ-KQ. Black mates.} 45. Kg1 Qd4+ 46. Kh2 b3 47. Qf7 Qd6+ 48. g3 b2 49. Qb3 Qe5 50. b6 Qe2+ {Weighted Error Value: White=0.73/Black=0.24 (precise)} 0-1

[Event "Svetozar Gligoric Masters 2022"]
[Site "Belgrade"]
[Date "2022.07.21"]
[Round "6.9"]
[White "Taspinar, Yanki"]
[Black "Makarian, Rudik"]
[Result "0-1"]
[ECO "E16"]
[WhiteElo "2311"]
[BlackElo "2533"]
[Annotator "TA"]
[PlyCount "106"]
[EventDate "2022.07.18"]
[EventCountry "SRB"]
[SourceTitle "playchess.com"]
[Source "ChessBase"]
[SourceQuality "1"]
[TimeControl "40/5400+30:900+30"]

1. d4 Nf6 2. c4 e6 3. Nf3 b6 4. g3 Bb7 5. Bg2 Bb4+ 6. Bd2 Be7 7. Nc3 c6 8. O-O d5 9. Bf4 O-O 10. Ne5 Nfd7 11. Qa4 {[#] E16: Queen's Indian: 4 g3 Bb7 5 Bg2 Bb4+.} a6 $146 ({Predecessor:} 11... Nxe5 12. Bxe5 Nd7 13. Bf4 a6 14. Qb3 b5 15. cxd5 cxd5 16. Rfc1 Qb6 17. e3 Rfc8 18. g4 Rc4 19. a4 b4 20. a5 Qd8 {0-1 (41) Sorin,A (2505)-Tiviakov,S (2625) Buenos Aires 1996}) 12. cxd5 cxd5 13. h4 {The position is equal.} b5 14. Qd1 Nxe5 15. Bxe5 Nc6 16. Bf4 Na5 17. Qd3 b4 18. Na4 Bc6 19. Nc5 Bb5 20. Qf3 (20. Qd2 $11) 20... Nc6 $15 21. Qe3 Bxc5 22. dxc5 e5 $1 23. Bxe5 {Strongly threatening Rfd1.} Re8 24. f4 f6 $1 $36 {[%mdl 2048] Black is on the roll.} 25. Rad1 Qe7 (25... Kh8 $17 26. Rxd5 (26. Bxd5 Qc8 $17) 26... Qc8) 26. Bxd5+ {This bishop pair is nice.} (26. Rxd5 $11 {keeps the balance.} fxe5 27. Rd6) 26... Kh8 $17 27. Bd4 ({Avoid the trap} 27. a4 $2 Bxa4 28. b3 Bb5 29. Bxc6 Bxc6 $19) (27. Bf3 $17) 27... Qxe3+ $19 28. Bxe3 Rxe3 29. Bf3 {[#]} Rxf3 $1 30. exf3 Bxf1 31. Kxf1 {[%mdl 4096] Endgame KRN-KR} Kg8 32. Rd7 Rc8 33. b3 Na5 34. Rd4 Rxc5 35. Rxb4 Rc2 36. Ra4 {[#]} Nc6 37. Rxa6 Nd4 38. b4 {[#]} Rb2 $1 ({Worse is} 38... Nxf3 39. a4 $17) 39. a3 Nxf3 40. Rb6 Ra2 41. Ra6 Nd2+ 42. Kg1 Rb2 43. h5 h6 {aiming for ...Nc4.} 44. Ra8+ Kh7 {Threatens to win with ...Rb3.} 45. Kg2 $2 (45. Rb8) 45... Nc4+ 46. Kh3 Rb3 47. a4 Rxb4 48. a5 Ra4 49. a6 Nb6 50. Ra7 Ra5 51. Kh4 Nd5 52. Rd7 Nb4 53. a7 Nc6 {Weighted Error Value: White=0.24 (precise) /Black=0.11 (very precise)} 0-1

[Event "Svetozar Gligoric Masters 2022"]
[Site "Belgrade"]
[Date "2022.07.21"]
[Round "6.10"]
[White "Yordanov, Lachezar"]
[Black "Sedlak, Nikola"]
[Result "0-1"]
[ECO "D12"]
[WhiteElo "2316"]
[BlackElo "2480"]
[Annotator "TA"]
[PlyCount "68"]
[EventDate "2022.07.18"]
[EventCountry "SRB"]
[SourceTitle "playchess.com"]
[Source "ChessBase"]
[SourceQuality "1"]
[TimeControl "40/5400+30:900+30"]

1. d4 d5 2. c4 c6 3. Nf3 Nf6 4. e3 Bf5 5. Nc3 e6 6. Nh4 Bg6 7. Nxg6 hxg6 8. g3 {D12: Slav Defence: 3 Nf3 Nf6 4 e3 Bf5.} Nbd7 9. cxd5 exd5 10. Bg2 {White is slightly better.} Bb4 {[#]} 11. O-O $146 ({Predecessor:} 11. Bd2 Bxc3 12. Bxc3 Qe7 13. Qe2 Ne4 14. Bxe4 Qxe4 15. f3 Qe6 16. e4 Nb6 17. e5 {1-0 (56) Improta,G (1886)-Capaldo,S (1577) Napoli 2009}) 11... O-O 12. Qb3 a5 13. a3 Bxc3 14. bxc3 b5 15. a4 bxa4 16. Qxa4 Qc7 17. Qa2 Nb6 18. Re1 Rfe8 19. Bf1 (19. f3 $1 $14 {was preferrable.}) 19... g5 $11 20. c4 (20. e4 $11) 20... Nxc4 $15 21. Bxc4 dxc4 22. Qxc4 g4 23. Bb2 (23. e4 $142) 23... Qd7 ({Black should try} 23... Ne4 $1 {...Qd7 is the strong threat.} 24. d5 Qb6) 24. h3 $2 {Loses the game.} (24. d5 $17 cxd5 25. Qa4) 24... Ne4 $19 ({Not} 24... gxh3 25. Qe2 $17) 25. hxg4 {[#]} Ng5 26. Rec1 Qxg4 {And now ...Re6 would win.} 27. Qxc6 (27. d5 Qxc4 28. Rxc4 cxd5 29. Rca4) 27... Rac8 28. Qd5 Rcd8 29. Qxa5 Rd6 30. Kf1 (30. Qb5 $142 Red8 31. Rc6 Nh3+ 32. Kg2 (32. Kf1 $2 Qf3 $19) 32... Qe4+ 33. f3 Qxc6 34. Qxc6 Rxc6 35. Kxh3) 30... Rh6 31. Qd5 {Prevents Rh1+.} Ne4 {( -> ...Qf3)} 32. Ra8 {[#]} Rxa8 $1 (32... Rh1+ $2 33. Kg2 Qh3+ 34. Kf3 $16) 33. Qxa8+ Kh7 {Strongly threatening ...Qf5.} 34. Rc8 Qd1+ {Weighted Error Value: White=1.05/Black=0.02 (flawless)} 0-1

[Event "Svetozar Gligoric Masters 2022"]
[Site "Belgrade"]
[Date "2022.07.21"]
[Round "6.11"]
[White "Atalik, Suat"]
[Black "Namitbir Singh Walia"]
[Result "1-0"]
[ECO "D85"]
[WhiteElo "2446"]
[BlackElo "2293"]
[Annotator "TA"]
[PlyCount "61"]
[EventDate "2022.07.18"]
[EventCountry "SRB"]
[SourceTitle "playchess.com"]
[Source "ChessBase"]
[SourceQuality "1"]
[TimeControl "40/5400+30:900+30"]

1. d4 Nf6 2. c4 g6 3. Nc3 d5 4. cxd5 Nxd5 5. Bd2 Bg7 6. e4 Nxc3 7. Bxc3 O-O 8. Qd2 c5 {[%cal Rc5d4] D85: Exchange Grünfeld: Unusual White 7th moves and lines with 7 Nf3.} 9. d5 e6 10. Bc4 Qh4 {The position is equal.} 11. Qe3 $40 {[%mdl 128] Black needs to defend precisely.} exd5 12. Bxd5 {[#]} Na6 $146 ({Predecessor:} 12... Nd7 13. Nf3 Qe7 14. Bxg7 Kxg7 15. Rc1 Rb8 16. O-O b6 17. e5 Bb7 {½-½ (17) Galunova,T (2164)-Hoffmann,M (2462) Tegernsee 2017}) 13. Nf3 Qe7 14. Bxg7 Kxg7 15. Qc3+ Kg8 16. O-O Nb4 ({Black should try} 16... Nc7 $11) 17. Bb3 {White is more active.} (17. Rfe1 $14) 17... b6 (17... Rd8 $11) 18. Ne5 $16 Be6 {[#]} 19. f4 (19. a3 $1 $16 {Strongly threatening Bxe6.} Na6 20. Rad1) 19... f6 $11 20. Ng4 {Threatens to win with Bxe6+.} Kg7 ({Much less strong is} 20... c4 21. f5 (21. Bxc4 Qc5+ 22. Ne3 Bxc4 $14) 21... Qc5+ 22. Kh1 cxb3 23. fxe6 Qxc3 24. bxc3 $14) 21. f5 gxf5 ({Don't play} 21... Bxb3 22. e5 fxe5 23. f6+ Rxf6 24. Nxf6 $16) 22. exf5 Bxb3 23. axb3 h5 $2 {[#]} (23... Kh8 $11) 24. Rfe1 $2 (24. Qg3 $1 $18 hxg4 25. Rae1) 24... Qb7 $2 (24... Qd7 $1 $11 25. Ne3 Rad8) 25. Nf2 Rf7 $2 (25... Rfe8) 26. Ne4 $18 {aiming for Nd6.} Qc6 {Inhibits Nd6.} 27. Rad1 {Prevents Rd8. Hoping for Rd6.} Nd5 28. Qf3 Rh8 (28... Re7 $142 29. Qxh5 Rg8) 29. Nc3 Nb4 30. Qg3+ Kh7 31. Qg6# {Weighted Error Value: White=0.18 (very precise) /Black=0.75} 1-0

[Event "Svetozar Gligoric Masters 2022"]
[Site "Belgrade"]
[Date "2022.07.21"]
[Round "6.12"]
[White "Srihari L R"]
[Black "Milosevic, Milos"]
[Result "1-0"]
[ECO "A49"]
[WhiteElo "2431"]
[BlackElo "2288"]
[Annotator "TA"]
[PlyCount "141"]
[EventDate "2022.07.18"]
[EventCountry "SRB"]
[SourceTitle "playchess.com"]
[Source "ChessBase"]
[SourceQuality "1"]
[TimeControl "40/5400+30:900+30"]

1. Nf3 Nf6 2. g3 d5 3. Bg2 c5 4. O-O g6 5. d4 cxd4 6. Nxd4 Bg7 7. Nc3 {Recently 7.Nb3 got a lot of attention.} O-O 8. Nb3 e6 9. e4 {A49: 1 d4 Nf6 2 Nf3 g6 3 g3: Anti-King's Indian systems.} dxe4 10. Nxe4 Nxe4 11. Bxe4 {The position is equal.} Qc7 12. Qe2 Bd7 13. Bf4 e5 14. Be3 Bc6 {[#]} 15. Qc4 $146 ({Predecessor:} 15. Bc5 Rd8 16. Rfd1 Bxe4 17. Rxd8+ Qxd8 18. Rd1 Qe8 19. Qxe4 Nc6 20. Rd6 Rc8 21. c3 {0-1 (35) Kovacs,Z (2269)-Horvath,P (2441) Hungary 2001}) 15... Rc8 16. Rfd1 b5 17. Qd3 Bxe4 18. Qxe4 Nd7 19. Qd3 Nf6 20. c3 a6 21. Qd6 (21. Bg5 {looks sharper.} Rd8 22. Qf3 e4 23. Qe2) 21... Qxd6 22. Rxd6 a5 23. a4 bxa4 24. Rxa4 Rab8 25. Nxa5 {Nc6 is the strong threat.} Rxb2 26. Nc6 Rb7 {Prevents Ne7+.} 27. Nxe5 Rbc7 28. Rd3 h5 29. Bb6 Rb7 30. Be3 {0x0.001f24472105dp-1022s more active pieces.} Rbc7 31. Bb6 Rb7 32. Rc4 Re8 33. Bd4 h4 34. Kg2 Ne4 35. Nf3 hxg3 (35... Bxd4 $11 36. Rdxd4 h3+ 37. Kxh3 Nxf2+ 38. Kg2 Rb2) 36. hxg3 $14 Rb2 37. Be3 Nxf2 38. Bxf2 Ree2 {Against Nd2} 39. Rc8+ $1 Bf8 {[#]} 40. Rd2 $1 Rbxd2 41. Nxd2 Rxd2 {[%mdl 4096] Endgame KRB-KRB} 42. Kf3 {Black must now prevent Bc5.} Rd5 {Prevents Bc5.} 43. c4 Rf5+ 44. Ke2 {Strongly threatening c5.} f6 45. c5 Re5+ 46. Kf3 (46. Kd3 $14 Kf7 47. Kc4) 46... Kf7 47. c6 Re8 {Inhibits Rd8.} 48. Rc7+ Ke6 49. Rh7 Rc8 50. Rh8 {And now Be1 would win.} Kd6 (50... Kf7 $11) 51. Be1 (51. Bd4 Kxc6 52. Bxf6 Rb8 $11) ({White should play} 51. Be3 $1 $14) 51... Kc7 $1 $11 52. Ba5+ Kb8 $1 ({Much less strong is} 52... Kxc6 53. Bb4 Bxb4 54. Rxc8+ Kd5 55. Rg8 $18) 53. Rg8 g5 $2 {This costs Black the game.} (53... Bd6 $11 {and Black stays safe.} 54. Rxg6 Be5) 54. g4 $18 {Hoping for Ke4.} Ba3 $2 (54... Bd6 {is more resistant.} 55. Rxc8+ Kxc8) 55. Rxc8+ $2 (55. Rd8 Be7 56. c7+ Kb7 57. Ke4) 55... Kxc8 {KB-KB} 56. Ke4 Bc1 57. Bc3 Kc7 {[#]} 58. Kd5 ({Don't do} 58. Bxf6 $6 Kxc6 59. Kf5 Kd7 $16) 58... Be3 59. Bxf6 Bc1 60. Be5+ Kc8 61. Ke6 Bd2 62. Kf5 Bc1 $2 (62... Be3 $18 63. Ke4 Bf2) 63. Bf6 {White mates.} Kc7 64. Bxg5 Ba3 65. Bf4+ Kxc6 {[#]} 66. Ke6 $1 ({Stronger than} 66. g5 Kd7 $11) 66... Bb2 67. g5 Bg7 68. Be5 Bf8 69. g6 Bh6 70. Kf7 Kd5 {[#]} 71. Bf4 $1 {[%mdl 512] Weighted Error Value: White=0.22 (precise) /Black=0.24 (precise)} 1-0

[Event "Svetozar Gligoric Masters 2022"]
[Site "Belgrade"]
[Date "2022.07.21"]
[Round "6.13"]
[White "Gavrilov, Maxim"]
[Black "Shahil Dey"]
[Result "1/2-1/2"]
[ECO "E46"]
[WhiteElo "2216"]
[BlackElo "2402"]
[Annotator "TA"]
[PlyCount "88"]
[EventDate "2022.07.18"]
[EventCountry "SRB"]
[SourceTitle "playchess.com"]
[Source "ChessBase"]
[SourceQuality "1"]
[TimeControl "40/5400+30:900+30"]

1. d4 Nf6 2. c4 e6 3. Nc3 Bb4 4. e3 O-O 5. Nge2 d5 6. a3 Be7 7. cxd5 exd5 8. Nf4 c6 9. Bd3 Bd6 {E46: Nimzo-Indian: Rubinstein: 4 e3 0-0 5 Ne2 without early Bd3.} 10. Nfe2 Re8 11. Qc2 Nbd7 {Black is slightly better.} 12. Bd2 c5 {[#]} 13. Nb5 $146 ({Predecessor:} 13. h3 c4 14. Bf5 g6 15. Bg4 Nb6 16. Bxc8 Rxc8 17. f3 Nh5 18. O-O-O Ng3 19. Nxg3 Bxg3 {0-1 (60) Skalkotas,N (2345)-Jakobsen,O (2420) Thessaloniki 1984}) 13... Bf8 14. dxc5 $1 Nxc5 15. O-O Bg4 16. Bc3 {Threatening Bxf6.} Nfe4 17. Nf4 g5 18. Be2 Bf5 19. Nd4 Bd7 20. Nd3 Nxc3 21. bxc3 Ne4 22. Rfc1 (22. Nb4 $5 ) 22... Rc8 23. Qb3 Bg7 24. Bh5 Nf6 25. Bf3 Qa5 26. Nb4 Be6 27. Nxe6 fxe6 28. c4 g4 29. Be2 Ne4 30. Ra2 b5 (30... Qb6 $15 31. Rac2 (31. Bxg4 a5 $17) 31... a5 32. cxd5 Rxc2 33. Qxc2 Nxf2) 31. c5 $1 $11 Nxc5 (31... Rxc5 $11 32. Rxc5 Nxc5) 32. Qd1 (32. Qb1 $1 $14) 32... Ne4 {Hoping for ...Nc3.} 33. Rxc8 Rxc8 34. Bxg4 Re8 $132 {[%mdl 2048] And now ...Nc3 would win. Black is not holding back} 35. Qb3 Qa4 (35... Qb6 $11) 36. Bxe6+ Rxe6 37. Qxd5 Kf7 (37... Nc5 38. g3 $16 (38. Rc2 Qxa3 39. Qxc5 Bf8 $11)) 38. Rc2 {Threatens to win with Rc7+.} Qxa3 $2 (38... Nf6 $11 39. Rc7+ Kf8 40. Qc5+ Kg8) 39. Rc7+ $1 $16 Kf8 {[#]} 40. Rc8+ $1 {[%mdl 1024] White has strong compensation.} Kf7 41. Qh5+ Rg6 {[#]} 42. Qd5+ (42. Rc7+ Kg8 43. Qd5+ Kh8 44. Rc8+ Bf8 45. Rxf8+ Kg7 $11) (42. Qf5+ $1 $16 Nf6 43. Rc7+ (43. Nd3 Qd6 $18) 43... Kg8 44. Qe6+ Kh8 45. Rc8+ Bf8 46. Rxf8+ Kg7 47. Rf7+ Kh8 48. Rf8+ Kg7 49. Rf7+ Kh8 50. Rf8+) 42... Re6 $11 {The position is equal.} 43. Rc7+ Kf8 $1 {( -> ...Qa1+)} 44. Rc8+ Kf7 {Weighted Error Value: White=0.14 (very precise) /Black=0.22 (precise)} 1/2-1/2

[Event "Svetozar Gligoric Masters 2022"]
[Site "Belgrade"]
[Date "2022.07.21"]
[Round "6.14"]
[White "Muthaiah AL"]
[Black "Baasansuren, Erdene"]
[Result "1-0"]
[ECO "D37"]
[WhiteElo "2401"]
[BlackElo "2243"]
[Annotator "TA"]
[PlyCount "149"]
[EventDate "2022.07.18"]
[EventCountry "SRB"]
[SourceTitle "playchess.com"]
[Source "ChessBase"]
[SourceQuality "1"]
[TimeControl "40/5400+30:900+30"]

1. d4 d5 2. c4 e6 3. Nf3 Nf6 4. Nc3 Nbd7 5. Bf4 dxc4 6. e3 {D37: Queen's Gambit Declined: 5 Bf4.} b5 7. Nxb5 Bb4+ 8. Nc3 {White is slightly better.} Nd5 9. a3 ({Reject} 9. Bxc4 Nxc3 10. bxc3 Bxc3+ 11. Ke2 Bxa1 12. Qxa1 O-O $15) 9... Nxc3 10. Qd2 {[%mdl 64] Pin} Nd5 11. axb4 {White wants to play Bg3.} Nxf4 12. exf4 Bb7 13. Be2 O-O 14. O-O Nb6 15. Ne5 Qd6 16. Rac1 {[#]} (16. Bxc4 $2 f6 17. b3 fxe5 18. fxe5 Qe7 $19) 16... Rfb8 $146 ({Predecessor:} 16... Rfd8 17. Rfd1 Rab8 18. Nxc4 Nxc4 19. Bxc4 Bc6 20. b3 Rxb4 21. Ra1 Bb5 22. Bxb5 Rxb5 23. Rxa7 {½-½ (30) Zhang,Z (2360)-Wang,C (2495) China 2018}) 17. Nxc4 ({And not} 17. Bxc4 f6 18. f5 (18. Nf3 $2 Nxc4 19. Rxc4 Ba6 $19) 18... fxe5 $17) (17. Rfd1 {feels hotter.} a6 18. g3 Qd5 19. Bf3) 17... Nxc4 18. Bxc4 Bc6 19. Be2 Rb6 {[#]} 20. Rxc6 $1 Rxc6 ({Don't play} 20... Qxc6 21. Bf3 Qe8 22. Bxa8 Qxa8 23. Rc1 $14) 21. Bf3 Rd8 22. Bxc6 Qxc6 $11 {[%mdl 4096] Endgame KQR-KQR} 23. g3 $1 Qb6 24. Rd1 Rb8 25. Qc3 Qxb4 26. Qxc7 g6 27. h4 (27. Qxa7 $14 Rb5 28. Qa3) 27... Qb7 28. Qc5 Qxb2 29. Qxa7 Qb6 30. Qe7 Qd8 31. Qc5 Qd5 (31... Ra8 {with more complications.} 32. Kg2 Ra4 33. Qe5 Ra5) 32. Qxd5 (32. Rc1 {is interesting.} Qf3 33. Qc6 Qd3 34. Qc3) 32... exd5 {KR-KR} 33. Rd3 h5 34. f5 Kg7 35. fxg6 Kxg6 36. Kg2 Rb1 37. Kf3 Re1 38. Ra3 {Strongly threatening Ra6+.} Re4 $1 39. Rd3 Kf5 40. Kg2 Kg6 41. Kf1 Rg4 $1 42. Kg2 {And now f3 would win.} Re4 43. Rd2 Kf5 44. f3 Re3 45. Kf2 Rb3 46. Ke2 Rb4 47. Ke3 Rb1 48. Ra2 Rb3+ 49. Ke2 {Ra5 is the strong threat.} Rb4 50. Rd2 f6 51. Ke3 Rb3+ 52. Rd3 Rb2 53. Ra3 Rg2 $1 54. Ra8 Rb2 (54... Rxg3 $11 {keeps the balance.} 55. Rh8 Ke6) 55. Rh8 Rb3+ 56. Ke2 Rb2+ 57. Kf1 Kg6 (57... Rb1+ $16 58. Kg2 Rb2+ 59. Kh3 Kg6) 58. Rd8 $18 Rb5 {[#]} 59. Kf2 (59. g4 $1 $18) 59... Kf5 $16 60. Rh8 (60. Rd6 $16) 60... Kg6 $1 $14 {[#]} 61. g4 ({White should try} 61. Rg8+ $1 $16 Kf5 62. Rh8) 61... hxg4 62. fxg4 {Black must now prevent Rd8.} f5 $2 (62... Rb2+ $1 $14 63. Ke3 Rg2) 63. h5+ $18 Kg5 $2 (63... Kg7 64. Rd8 fxg4) 64. Rg8+ Kf4 65. h6 {White threatens h7 and mate.} Rb2+ 66. Ke1 {Threatens to win with h7.} Rh2 67. g5 Kg3 68. Rf8 (68. Rh8 $142 Kh4 69. g6 Kg3 70. g7 Rh1+ 71. Kd2 Rh2+ 72. Kc3 Rh5 73. g8=Q+ Kf2 74. Qxd5) 68... f4 69. g6 {White mates.} Rh1+ 70. Kd2 Rh2+ 71. Kc3 Rxh6 72. g7 Rg6 73. g8=Q Rxg8 74. Rxg8+ Kf2 75. Rg5 {Weighted Error Value: White=0.09 (flawless) /Black=0.10 (very precise)} 1-0

[Event "Svetozar Gligoric Masters 2022"]
[Site "Belgrade"]
[Date "2022.07.21"]
[Round "6.15"]
[White "Kushagra Mohan"]
[Black "Ilamparthi A R"]
[Result "0-1"]
[ECO "B23"]
[WhiteElo "2359"]
[BlackElo "2153"]
[Annotator "TA"]
[PlyCount "75"]
[EventDate "2022.07.18"]
[EventCountry "SRB"]
[SourceTitle "playchess.com"]
[Source "ChessBase"]
[SourceQuality "1"]
[TimeControl "40/5400+30:900+30"]

1. e4 c5 2. Nc3 d6 3. d4 cxd4 4. Qxd4 Nc6 5. Qd2 g6 6. b3 {B23: Closed Sicilian: Lines without g3.} Bh6 7. f4 e5 {[#]} (7... a5 $11 {remains equal.}) 8. Nb5 $1 $16 {White is better.} Bxf4 9. Qxd6 Qxd6 (9... Qh4+ $2 10. g3 Qe7 11. Nc7+ Kf8 12. Qxe7+ Ngxe7 13. gxf4 $18) 10. Nxd6+ Kf8 11. Bxf4 exf4 {[#]} 12. Nf3 $146 (12. Bc4 $16) ({Predecessor:} 12. O-O-O Nf6 13. Nf3 Bg4 14. Bb5 Bxf3 15. gxf3 Ne5 16. Be2 Rb8 17. a4 Ke7 18. Rd2 {½-½ (42) Xu,X (2582)-Alonso Rosell,A (2548) Moscow 2019}) 12... Ke7 $14 13. O-O-O {Black must now prevent Bb5.} Nh6 14. Bc4 ({White should try} 14. Nb5 $14) 14... Rd8 15. e5 Ng4 16. Rhe1 ({And not} 16. Nxf7 Rxd1+ 17. Rxd1 Ne3 $17) ({White should play} 16. Rde1 $1 $14) 16... Ne3 $1 $11 {...Bg4 is the strong threat.} 17. Rd2 ({But not} 17. Bxf7 $2 Nxd1 18. Kxd1 Bg4 $19) 17... Bg4 {Hoping for ...Bxf3.} 18. Rf2 {White does not recover from this.} (18. Nd4 $11) 18... Bxf3 $19 19. Rxf3 {Threatens to win with Rexe3.} Nxg2 {Pair of Knights!} 20. Re2 {And now Rf1 would win.} Nd4 $1 21. Rxg2 (21. Rff2 $142 Nxe2+ 22. Bxe2) 21... Nxf3 22. Nxf7 Rd4 23. Rf2 {[#]} Rxc4 $1 24. bxc4 Kxf7 25. Rxf3 {[%mdl 4096] Endgame KR-KR} g5 26. Kd2 Ke6 27. Rh3 Rh8 ({Worse is} 27... Kxe5 28. Rxh7 Rd8+ 29. Ke2 $17) 28. Rh5 h6 29. h4 $2 (29. a4) 29... g4 {Strongly threatening ...g3.} 30. Ke2 b6 31. Kf2 Rh7 32. c3 Rh8 (32... g3+ $142 33. Kg2 Rg7 34. Rxh6+ Kxe5) 33. Ke2 g3 34. Kf3 Rg8 35. Rxh6+ Kxe5 36. Rh5+ Kf6 {( -> ...g2)} 37. Kg2 f3+ 38. Kxf3 {Weighted Error Value: White=1.28/Black=0.31} 0-1